 Dungeon Crawl Stone Soup version 0.17.1-2-g5865329 (webtiles) character file.

768 Peloso the Shield-Bearer (level 7, -9/62 HPs)
             Began as a Minotaur Fighter on Jan 30, 2016.
             Was an Initiate of Okawaru.
             Killed from afar by Edmund (10 damage)
             ... with a wand of flame
             ... on level 5 of the Dungeon.
             The game lasted 00:17:57 (4284 turns).

Peloso the Shield-Bearer (Minotaur Fighter)         Turns: 4284, Time: 00:17:58

Health: -9/62      AC: 11    Str: 21    XL:     7   Next: 52%
Magic:  6/6        EV:  7    Int:  5    God:    Okawaru [......]
Gold:   231        SH: 11    Dex: 15    Spells: 0 memorised, 6 levels left

rFire  . . .     SeeInvis .     a - +1 long sword
rCold  . . .     Clarity  .     z - +0 chain mail
rNeg   . . .     SustAt   .     c - +0 shield
rPois  .         Gourm    .     (helmet restricted)
rElec  .         Spirit   .     (no cloak)
rCorr  .         Warding  .     (no gloves)
rMut   +         Stasis   .     h - +0 pair of boots
MR     .....                    B - amulet of resist mutation
Stlth  ..........               (no ring)
                                o - +4 ring of dexterity (curse)

@: starving, not resistant to hostile enchantments, extremely unstealthy
A: retaliatory headbutt, horns 2
a: Renounce Religion


You were on level 5 of the Dungeon.
You worshipped Okawaru.
Okawaru was noncommittal.
You were starving.

You visited 2 branches of the dungeon, and saw 6 of its levels.

You collected 231 gold pieces.

Inventory:

Hand Weapons
 a - a +1 long sword (weapon)
 p - a +4 antimagic trident
 q - a cursed -2 spear
Armour
 b - a +0 scale mail
 c - a +0 shield (worn)
 h - a +0 pair of boots (worn)
 z - a +0 chain mail (worn)
Jewellery
 o - a cursed +4 ring of dexterity (left hand)
 A - an uncursed amulet of clarity
 B - an amulet of resist mutation (around neck)
Wands
 y - a wand of slowing (48)
Scrolls
 j - a scroll of magic mapping
 l - a scroll of blinking
 m - 2 scrolls of teleportation
 n - a scroll of remove curse
 t - 2 scrolls of amnesia {unknown}
 u - 3 scrolls of enchant weapon
 C - 2 scrolls of identify
Potions
 d - 2 potions of might
 f - 2 potions of curing
 g - a potion of magic
 i - 2 potions of resistance
 r - a potion of invisibility
 s - a potion of haste {unknown}
 v - 2 potions of heal wounds
 w - a potion of flight
Comestibles
 e - 6 bread rations
 k - a beef jerky
 x - 2 meat rations


   Skills:
 + Level 5.7 Fighting
 + Level 4.6 Long Blades
 + Level 5.8 Armour
 + Level 3.1 Dodging
 + Level 1.0 Stealth
 + Level 6.3 Shields


You had 6 spell levels left.
You didn't know any spells.

Dungeon Overview and Level Annotations

Branches:
Dungeon (5/15)             Temple (1/1) D:4

Altars:
Ashenzari
Dithmenos
Elyvilon
Fedhas
Kikubaaqudgha
Makhleb
Okawaru
Qazlal
Sif Muna
Trog
Vehumet
Xom
Yredelemnul
Zin
The Shining One

Annotations:
D:3 subsebi's ghost, amateur DsCK
D:5 Edmund


Innate Abilities, Weirdness & Mutations

You reflexively headbutt those who attack you in melee.
You have a pair of horns on your head.


Message History

You feel sick. Edmund hits you but does no damage.
You are more poisoned.
Unknown command.
You closely miss Edmund.
Edmund is severely wounded.
You feel sick.
Edmund zaps a wand.
The puff of flame hits you!
* * * LOW HITPOINT WARNING * * *
Drink which item? (? for menu, Esc to quit)
You feel better.
Edmund zaps a wand.
The puff of flame hits you!
* * * LOW HITPOINT WARNING * * *
You hit Edmund but do no damage.
Edmund is severely wounded.
Edmund zaps a wand.
The puff of flame hits you!
* * * LOW HITPOINT WARNING * * *
You hit Edmund but do no damage. You headbutt Edmund, but do no damage.
Edmund is severely wounded.
Edmund zaps a wand.
The puff of flame hits you!
* * * LOW HITPOINT WARNING * * *
Edmund zaps a wand.
The puff of flame hits you!
You die...

+
####...###..##..##...#
#...............##...#
+..........[....##...#
##..##.##.####..##...#
#.. #.##.####..##...#
+.. .....#..†..+....#
#. ......#.....#....#
###+####....# #..@@#
..............#
..............#
#.###....###..# #
#....# .# +..... #
#...... #######


You could see Edmund.

Vanquished Creatures
  3 ogres
  A phantom (D:5)
  2 scorpions
  A crimson imp (D:5)
  An orc priest (D:4)
  2 orc wizards
  Natasha (D:3)
  3 gnolls (D:2)
  6 adders
  An ooze (D:1)
  An adder skeleton (D:4)
  2 worms (D:2)
  10 orcs
  11 bats
  A giant cockroach (D:3)
  9 goblins
  8 hobgoblins
  7 kobolds
  2 quokkas
  3 ball pythons
  A ball python skeleton (D:5)
  9 giant geckos
  5 giant newts
  5 jackals (D:2)
  4 rats
99 creatures vanquished.

Notes
Turn   | Place    | Note
--------------------------------------------------------------
     0 | D:1      | Peloso the Minotaur Fighter began the quest for the Orb.
     0 | D:1      | Reached XP level 1. HP: 19/19 MP: 0/0
   170 | D:1      | Reached XP level 2. HP: 27/27 MP: 1/1
   213 | D:1      | Reached skill level 4 in Armour
   749 | D:2      | Reached XP level 3. HP: 22/33 MP: 2/2
   842 | D:2      | Reached XP level 4. HP: 15/40 MP: 3/3
  1320 | D:2      | Reached skill level 1 in Dodging
  1457 | D:2      | Found a basalt altar of Yredelemnul.
  1605 | D:2      | Found a white marble altar of Elyvilon.
  1707 | D:2      | Found a glowing golden altar of the Shining One.
  1709 | D:2      | Noticed an angel
  1786 | D:3      | Reached skill level 5 in Shields
  1786 | D:3      | Reached XP level 5. HP: 35/47 MP: 4/4
  1968 | D:3      | Noticed subsebi's ghost (amateur DsCK)
  2424 | D:3      | Noticed Natasha
  2431 | D:3      | Killed Natasha
  2743 | D:4      | Reached XP level 6. HP: 31/53 MP: 1/5
  2823 | D:4      | Found a shattered altar of Ashenzari.
  2855 | D:4      | Noticed an ogre
  3148 | D:3      | Killed an ogre
  3148 | D:3      | Reached skill level 5 in Armour
  3175 | D:4      | Reached skill level 5 in Fighting
  3425 | D:4      | Found a shadowy altar of Dithmenos.
  3466 | D:4      | Found a staircase to the Ecumenical Temple.
  3474 | D:4      | Noticed an ogre
  3482 | Temple   | Entered the Ecumenical Temple
  3487 | Temple   | Killed an ogre
  3487 | Temple   | Reached XP level 7. HP: 25/61 MP: 6/6
  3943 | D:5      | Entered Level 5 of the Dungeon
  3959 | D:5      | Found an iron altar of Okawaru.
  3967 | D:5      | Became a worshipper of Warmaster Okawaru
  3972 | D:5      | Found a blossoming altar of Fedhas.
  4037 | D:5      | Reached skill level 6 in Shields
  4264 | D:5      | Reached skill level 1 in Stealth
  4266 | D:5      | Noticed Edmund
  4284 | D:5      | HP: 1/62 [Edmund/wand of flame (3)]
  4284 | D:5      | Killed from afar by Edmund

Action                   |  1- 3 |  4- 6 |  7- 9 || total
-------------------------+-------+-------+-------++-------
Melee: Long sword        |    70 |   178 |    60 ||   308
       Mace              |       |     5 |       ||     5
  Use: Scroll            |       |    15 |     1 ||    16
       Potion            |       |     1 |     2 ||     3
  Eat: Chunk             |       |     8 |     1 ||     9
